Workbook

Sheet Data v2
A1: Year | B1: Quarter | C1: Sold By Name | D1: Transaction Type (SNS or B2B) | E1: LOB | F1: Grouped LOBs | G1: CS / ES | H1: Affinity ID-GCC | I1: Reseller Name | J1: Reseller Type | K1: Reseller Type Updated | L1: Reseller type updated 2 | M1: Reseller Type Group | N1: Sales Units
A2: 2017 | B2: Q2 | C2: TECH DATA_GCC | D2: SNS | E2: CLOUD CLIENT | F2: THIN CLIENT | G2: Enterprise Solutions | H2: 2033016660 | I2: HOLLAND COMPUTER SYSTEMS B,V, | J2: - | K2: =IFERROR(VLOOKUP(H2*1,'Merkleinc Datafeeds FY19Q2 wk12'!$A$1:$B$28527,2,1),"") -> AUTHORIZED RESELLER | L2: =IFERROR(VLOOKUP(I2*1,'Merkleinc Datafeeds FY19Q2 wk12'!$D$1:$E$28527,2,1),"") | M2: Not authorized / null / unlknown / - | N2: 50
A3: 2017 | B3: Q2 | C3: TECH DATA_GCC | D3: SNS | E3: CLOUD CLIENT | F3: THIN CLIENT | G3: Enterprise Solutions | H3: - | I3: RSE TELECOM WINSCHOTEN B.V. | J3: - | K3: =IFERROR(VLOOKUP(H3*1,'Merkleinc Datafeeds FY19Q2 wk12'!$A$1:$B$28527,2,1),"") | L3: =IFERROR(VLOOKUP(I3*1,'Merkleinc Datafeeds FY19Q2 wk12'!$D$1:$E$28527,2,1),"") | M3: Not authorized / null / unlknown / - | N3: 1
A4: 2017 | B4: Q2 | C4: Copaco | D4: B2B | E4: IMAGING | F4: CS SOFTWARE AND PERIPHERALS | G4: Client Solutions | H4: 2695160799 | I4: BBD Investments B.V. | J4: - | K4: =IFERROR(VLOOKUP(H4*1,'Merkleinc Datafeeds FY19Q2 wk12'!$A$1:$B$28527,2,1),"") -> AUTHORIZED RESELLER | L4: =IFERROR(VLOOKUP(I4*1,'Merkleinc Datafeeds FY19Q2 wk12'!$D$1:$E$28527,2,1),"") | M4: Not authorized / null / unlknown / - | N4: 2
A5: 2017 | B5: Q2 | C5: Copaco | D5: B2B | E5: NON SYSTEM OTHER | F5: NON TIED | G5: Enterprise Solutions | H5: 2695160799 | I5: BBD Investments B.V. | J5: - | K5: =IFERROR(VLOOKUP(H5*1,'Merkleinc Datafeeds FY19Q2 wk12'!$A$1:$B$28527,2,1),"") -> AUTHORIZED RESELLER | L5: =IFERROR(VLOOKUP(I5*1,'Merkleinc Datafeeds FY19Q2 wk12'!$D$1:$E$28527,2,1),"") | M5: Not authorized / null / unlknown / - | N5: 2
A6: 2017 | B6: Q2 | C6: TECH DATA_GCC | D6: SNS | E6: CLOUD CLIENT | F6: THIN CLIENT | G6: Enterprise Solutions | H6: 2537505060 | I6: THE RENT COMPANY B.V. | J6: Preferred | K6: =IFERROR(VLOOKUP(H6*1,'Merkleinc Datafeeds FY19Q2 wk12'!$A$1:$B$28527,2,1),"") -> TITANIUM | L6: =IFERROR(VLOOKUP(I6*1,'Merkleinc Datafeeds FY19Q2 wk12'!$D$1:$E$28527,2,1),"") | N6: 3500
A7: 2017 | B7: Q2 | C7: Copaco | D7: B2B | E7: LATITUDE | F7: COMMERCIAL | G7: Client Solutions | H7: 2695160799 | I7: BBD Investments B.V. | J7: - | K7: =IFERROR(VLOOKUP(H7*1,'Merkleinc Datafeeds FY19Q2 wk12'!$A$1:$B$28527,2,1),"") -> AUTHORIZED RESELLER | L7: =IFERROR(VLOOKUP(I7*1,'Merkleinc Datafeeds FY19Q2 wk12'!$D$1:$E$28527,2,1),"") | M7: Not authorized / null / unlknown / - | N7: 5
A8: 2017 | B8: Q2 | C8: TECH DATA_GCC | D8: SNS | E8: CLOUD CLIENT | F8: THIN CLIENT | G8: Enterprise Solutions | H8: 3326933496 | I8: CONOSCENZA NOORD-NEDERLAND B.V. | J8: Registered | K8: =IFERROR(VLOOKUP(H8*1,'Merkleinc Datafeeds FY19Q2 wk12'!$A$1:$B$28527,2,1),"") -> GOLD | L8: =IFERROR(VLOOKUP(I8*1,'Merkleinc Datafeeds FY19Q2 wk12'!$D$1:$E$28527,2,1),"") | M8: Authorized / Autrhorized reseller / Registered | N8: 1
A9: 2017 | B9: Q2 | C9: TECH DATA_GCC | D9: SNS | E9: CLOUD CLIENT | F9: THIN CLIENT | G9: Enterprise Solutions | H9: - | I9: Q PRODUCTS | J9: - | K9: =IFERROR(VLOOKUP(H9*1,'Merkleinc Datafeeds FY19Q2 wk12'!$A$1:$B$28527,2,1),"") | L9: =IFERROR(VLOOKUP(I9*1,'Merkleinc Datafeeds FY19Q2 wk12'!$D$1:$E$28527,2,1),"") | M9: Not authorized / null / unlknown / - | N9: 1
A10: 2017 | B10: Q2 | C10: Copaco | D10: B2B | E10: POWEREDGE | F10: POWEREDGE SERVERS | G10: Enterprise Solutions | H10: 2695160799 | I10: BBD Investments B.V. | J10: - | K10: =IFERROR(VLOOKUP(H10*1,'Merkleinc Datafeeds FY19Q2 wk12'!$A$1:$B$28527,2,1),"") -> AUTHORIZED RESELLER | L10: =IFERROR(VLOOKUP(I10*1,'Merkleinc Datafeeds FY19Q2 wk12'!$D$1:$E$28527,2,1),"") | M10: Not authorized / null / unlknown / - | N10: 6
A11: 2017 | B11: Q2 | C11: INGRAM MICRO NETHERLANDS | D11: SNS | E11: CLOUD CLIENT | F11: THIN CLIENT | G11: Enterprise Solutions | H11: 2453322456 | I11: BECHTLE DIRECT B.V. | J11: - | K11: =IFERROR(VLOOKUP(H11*1,'Merkleinc Datafeeds FY19Q2 wk12'!$A$1:$B$28527,2,1),"") -> AUTHORIZED RESELLER | L11: =IFERROR(VLOOKUP(I11*1,'Merkleinc Datafeeds FY19Q2 wk12'!$D$1:$E$28527,2,1),"") | M11: Not authorized / null / unlknown / - | N11: 4
A12: 2017 | B12: Q2 | C12: INGRAM MICRO NETHERLANDS | D12: SNS | E12: CLOUD CLIENT | F12: THIN CLIENT | G12: Enterprise Solutions | H12: 2125177266 | I12: CENTRAL POINT NEDERLAND B.V. | J12: Premier | K12: =IFERROR(VLOOKUP(H12*1,'Merkleinc Datafeeds FY19Q2 wk12'!$A$1:$B$28527,2,1),"") -> AUTHORIZED RESELLER | L12: =IFERROR(VLOOKUP(I12*1,'Merkleinc Datafeeds FY19Q2 wk12'!$D$1:$E$28527,2,1),"") | N12: 17
A13: 2017 | B13: Q2 | C13: Copaco | D13: B2B | E13: SUPPORT SERVICES | F13: SUPPORT AND DEPLOYMENT | G13: Enterprise Solutions | H13: 2695160799 | I13: BBD Investments B.V. | J13: - | K13: =IFERROR(VLOOKUP(H13*1,'Merkleinc Datafeeds FY19Q2 wk12'!$A$1:$B$28527,2,1),"") -> AUTHORIZED RESELLER | L13: =IFERROR(VLOOKUP(I13*1,'Merkleinc Datafeeds FY19Q2 wk12'!$D$1:$E$28527,2,1),"") | M13: Not authorized / null / unlknown / - | N13: 7
A14: 2017 | B14: Q2 | C14: Copaco | D14: B2B | E14: PERSONAL NOTEBOOKS | F14: CONSUMER | G14: Client Solutions | H14: 2612027353 | I14: ARP Nederland B.V. | J14: - | K14: =IFERROR(VLOOKUP(H14*1,'Merkleinc Datafeeds FY19Q2 wk12'!$A$1:$B$28527,2,1),"") -> AUTHORIZED RESELLER | L14: =IFERROR(VLOOKUP(I14*1,'Merkleinc Datafeeds FY19Q2 wk12'!$D$1:$E$28527,2,1),"") | M14: Not authorized / null / unlknown / - | N14: 3
A15: 2017 | B15: Q2 | C15: Copaco | D15: B2B | E15: DISPLAYS | F15: CS SOFTWARE AND PERIPHERALS | G15: Client Solutions | H15: 2612027353 | I15: ARP Nederland B.V. | J15: - | K15: =IFERROR(VLOOKUP(H15*1,'Merkleinc Datafeeds FY19Q2 wk12'!$A$1:$B$28527,2,1),"") -> AUTHORIZED RESELLER | L15: =IFERROR(VLOOKUP(I15*1,'Merkleinc Datafeeds FY19Q2 wk12'!$D$1:$E$28527,2,1),"") | M15: Not authorized / null / unlknown / - | N15: 2
A16: 2017 | B16: Q2 | C16: INGRAM MICRO NETHERLANDS | D16: SNS | E16: CLOUD CLIENT | F16: THIN CLIENT | G16: Enterprise Solutions | H16: 2125146042 | I16: MISCO NEDERLAND B.V. | J16: - | K16: =IFERROR(VLOOKUP(H16*1,'Merkleinc Datafeeds FY19Q2 wk12'!$A$1:$B$28527,2,1),"") -> AUTHORIZED RESELLER | L16: =IFERROR(VLOOKUP(I16*1,'Merkleinc Datafeeds FY19Q2 wk12'!$D$1:$E$28527,2,1),"") | M16: Not authorized / null / unlknown / - | N16: 1
A17: 2017 | B17: Q2 | C17: Copaco | D17: B2B | E17: XPS NOTEBOOKS | F17: CONSUMER | G17: Client Solutions | H17: 2612027353 | I17: ARP Nederland B.V. | J17: - | K17: =IFERROR(VLOOKUP(H17*1,'Merkleinc Datafeeds FY19Q2 wk12'!$A$1:$B$28527,2,1),"") -> AUTHORIZED RESELLER | L17: =IFERROR(VLOOKUP(I17*1,'Merkleinc Datafeeds FY19Q2 wk12'!$D$1:$E$28527,2,1),"") | M17: Not authorized / null / unlknown / - | N17: 6
A18: 2017 | B18: Q2 | C18: INGRAM MICRO NETHERLANDS | D18: SNS | E18: CLOUD CLIENT | F18: THIN CLIENT | G18: Enterprise Solutions | H18: 1926572838 | I18: SCHOLTEN AWATER B.V. | J18: Premier | K18: =IFERROR(VLOOKUP(H18*1,'Merkleinc Datafeeds FY19Q2 wk12'!$A$1:$B$28527,2,1),"") -> AUTHORIZED RESELLER | L18: =IFERROR(VLOOKUP(I18*1,'Merkleinc Datafeeds FY19Q2 wk12'!$D$1:$E$28527,2,1),"") | N18: 7
A19: 2017 | B19: Q2 | C19: Copaco | D19: B2B | E19: IMAGING | F19: CS SOFTWARE AND PERIPHERALS | G19: Client Solutions | H19: 2612027353 | I19: ARP Nederland B.V. | J19: - | K19: =IFERROR(VLOOKUP(H19*1,'Merkleinc Datafeeds FY19Q2 wk12'!$A$1:$B$28527,2,1),"") -> AUTHORIZED RESELLER | L19: =IFERROR(VLOOKUP(I19*1,'Merkleinc Datafeeds FY19Q2 wk12'!$D$1:$E$28527,2,1),"") | M19: Not authorized / null / unlknown / - | N19: 3
A20: 2017 | B20: Q2 | C20: Copaco | D20: B2B | E20: NON SYSTEM OTHER | F20: NON TIED | G20: Enterprise Solutions | H20: 2612027353 | I20: ARP Nederland B.V. | J20: - | K20: =IFERROR(VLOOKUP(H20*1,'Merkleinc Datafeeds FY19Q2 wk12'!$A$1:$B$28527,2,1),"") -> AUTHORIZED RESELLER | L20: =IFERROR(VLOOKUP(I20*1,'Merkleinc Datafeeds FY19Q2 wk12'!$D$1:$E$28527,2,1),"") | M20: Not authorized / null / unlknown / - | N20: 596
A21: 2017 | B21: Q2 | C21: INGRAM MICRO NETHERLANDS | D21: SNS | E21: CLOUD CLIENT | F21: THIN CLIENT | G21: Enterprise Solutions | H21: 2609489052 | I21: AZERTY B.V. | J21: - | K21: =IFERROR(VLOOKUP(H21*1,'Merkleinc Datafeeds FY19Q2 wk12'!$A$1:$B$28527,2,1),"") -> AUTHORIZED RESELLER | L21: =IFERROR(VLOOKUP(I21*1,'Merkleinc Datafeeds FY19Q2 wk12'!$D$1:$E$28527,2,1),"") | M21: Not authorized / null / unlknown / - | N21: 10
A22: 2017 | B22: Q2 | C22: Copaco | D22: B2B | E22: LATITUDE | F22: COMMERCIAL | G22: Client Solutions | H22: 2612027353 | I22: ARP Nederland B.V. | J22: - | K22: =IFERROR(VLOOKUP(H22*1,'Merkleinc Datafeeds FY19Q2 wk12'!$A$1:$B$28527,2,1),"") -> AUTHORIZED RESELLER | L22: =IFERROR(VLOOKUP(I22*1,'Merkleinc Datafeeds FY19Q2 wk12'!$D$1:$E$28527,2,1),"") | M22: Not authorized / null / unlknown / - | N22: 186
A23: 2017 | B23: Q2 | C23: INGRAM MICRO NETHERLANDS | D23: SNS | E23: CLOUD CLIENT | F23: THIN CLIENT | G23: Enterprise Solutions | H23: 1702775112 | I23: INFOTHEEK GROEP BV | J23: - | K23: =IFERROR(VLOOKUP(H23*1,'Merkleinc Datafeeds FY19Q2 wk12'!$A$1:$B$28527,2,1),"") -> TITANIUM | L23: =IFERROR(VLOOKUP(I23*1,'Merkleinc Datafeeds FY19Q2 wk12'!$D$1:$E$28527,2,1),"") | M23: Not authorized / null / unlknown / - | N23: 2
A24: 2017 | B24: Q2 | C24: Copaco | D24: B2B | E24: OPTIPLEX DESKTOPS | F24: COMMERCIAL | G24: Client Solutions | H24: 2612027353 | I24: ARP Nederland B.V. | J24: - | K24: =IFERROR(VLOOKUP(H24*1,'Merkleinc Datafeeds FY19Q2 wk12'!$A$1:$B$28527,2,1),"") -> AUTHORIZED RESELLER | L24: =IFERROR(VLOOKUP(I24*1,'Merkleinc Datafeeds FY19Q2 wk12'!$D$1:$E$28527,2,1),"") | M24: Not authorized / null / unlknown / - | N24: 134
A25: 2017 | B25: Q2 | C25: INGRAM MICRO NETHERLANDS | D25: SNS | E25: CLOUD CLIENT | F25: THIN CLIENT | G25: Enterprise Solutions | H25: - | I25: PROJECTSERVE ICT B.V. | J25: - | K25: =IFERROR(VLOOKUP(H25*1,'Merkleinc Datafeeds FY19Q2 wk12'!$A$1:$B$28527,2,1),"") | L25: =IFERROR(VLOOKUP(I25*1,'Merkleinc Datafeeds FY19Q2 wk12'!$D$1:$E$28527,2,1),"") | M25: Not authorized / null / unlknown / - | N25: 2
A26: 2017 | B26: Q2 | C26: INGRAM MICRO NETHERLANDS | D26: SNS | E26: CLOUD CLIENT | F26: THIN CLIENT | G26: Enterprise Solutions | H26: 2473606472 | I26: CASE ELEKTRONICS B.V. | J26: Registered | K26: =IFERROR(VLOOKUP(H26*1,'Merkleinc Datafeeds FY19Q2 wk12'!$A$1:$B$28527,2,1),"") -> AUTHORIZED RESELLER | L26: =IFERROR(VLOOKUP(I26*1,'Merkleinc Datafeeds FY19Q2 wk12'!$D$1:$E$28527,2,1),"") | M26: Authorized / Autrhorized reseller / Registered | N26: 5
A27: 2017 | B27: Q2 | C27: Copaco | D27: B2B | E27: MOBILE WORKSTATIONS | F27: COMMERCIAL | G27: Client Solutions | H27: 2612027353 | I27: ARP Nederland B.V. | J27: - | K27: =IFERROR(VLOOKUP(H27*1,'Merkleinc Datafeeds FY19Q2 wk12'!$A$1:$B$28527,2,1),"") -> AUTHORIZED RESELLER | L27: =IFERROR(VLOOKUP(I27*1,'Merkleinc Datafeeds FY19Q2 wk12'!$D$1:$E$28527,2,1),"") | M27: Not authorized / null / unlknown / - | N27: 19
A28: 2017 | B28: Q2 | C28: Copaco | D28: B2B | E28: POWEREDGE | F28: POWEREDGE SERVERS | G28: Enterprise Solutions | H28: 2612027353 | I28: ARP Nederland B.V. | J28: - | K28: =IFERROR(VLOOKUP(H28*1,'Merkleinc Datafeeds FY19Q2 wk12'!$A$1:$B$28527,2,1),"") -> AUTHORIZED RESELLER | L28: =IFERROR(VLOOKUP(I28*1,'Merkleinc Datafeeds FY19Q2 wk12'!$D$1:$E$28527,2,1),"") | M28: Not authorized / null / unlknown / - | N28: 2
A29: 2017 | B29: Q2 | C29: Copaco | D29: B2B | E29: FIXED WORKSTATIONS | F29: COMMERCIAL | G29: Client Solutions | H29: 2612027353 | I29: ARP Nederland B.V. | J29: - | K29: =IFERROR(VLOOKUP(H29*1,'Merkleinc Datafeeds FY19Q2 wk12'!$A$1:$B$28527,2,1),"") -> AUTHORIZED RESELLER | L29: =IFERROR(VLOOKUP(I29*1,'Merkleinc Datafeeds FY19Q2 wk12'!$D$1:$E$28527,2,1),"") | M29: Not authorized / null / unlknown / - | N29: 28
A30: 2017 | B30: Q2 | C30: Copaco | D30: B2B | E30: CLIENT PERIPHERALS | F30: CS SOFTWARE AND PERIPHERALS | G30: Client Solutions | H30: 2612027353 | I30: ARP Nederland B.V. | J30: - | K30: =IFERROR(VLOOKUP(H30*1,'Merkleinc Datafeeds FY19Q2 wk12'!$A$1:$B$28527,2,1),"") -> AUTHORIZED RESELLER | L30: =IFERROR(VLOOKUP(I30*1,'Merkleinc Datafeeds FY19Q2 wk12'!$D$1:$E$28527,2,1),"") | M30: Not authorized / null / unlknown / - | N30: 106
... A77: 2017 | B77: Q2 | C77: Copaco | D77: B2B | E77: CLOUD CLIENT | F77: THIN CLIENT | G77: Enterprise Solutions | H77: 1873073805 | I77: ACES Direct B.V. | J77: - | K77: =IFERROR(VLOOKUP(H77*1,'Merkleinc Datafeeds FY19Q2 wk12'!$A$1:$B$28527,2,1),"") -> AUTHORIZED RESELLER | L77: =IFERROR(VLOOKUP(I77*1,'Merkleinc Datafeeds FY19Q2 wk12'!$D$1:$E$28527,2,1),"") | M77: Not authorized / null / unlknown / - | N77: 12
A78: 2017 | B78: Q2 | C78: Copaco | D78: B2B | E78: NON SYSTEM OTHER | F78: NON TIED | G78: Enterprise Solutions | H78: 2915446282 | I78: Insight Enterprises Netherlands B.V | J78: Preferred | K78: =IFERROR(VLOOKUP(H78*1,'Merkleinc Datafeeds FY19Q2 wk12'!$A$1:$B$28527,2,1),"") -> TITANIUM | L78: =IFERROR(VLOOKUP(I78*1,'Merkleinc Datafeeds FY19Q2 wk12'!$D$1:$E$28527,2,1),"") | N78: 44
A79: 2017 | B79: Q2 | C79: Copaco | D79: B2B | E79: LATITUDE | F79: COMMERCIAL | G79: Client Solutions | H79: 2915446282 | I79: Insight Enterprises Netherlands B.V | J79: Preferred | K79: =IFERROR(VLOOKUP(H79*1,'Merkleinc Datafeeds FY19Q2 wk12'!$A$1:$B$28527,2,1),"") -> TITANIUM | L79: =IFERROR(VLOOKUP(I79*1,'Merkleinc Datafeeds FY19Q2 wk12'!$D$1:$E$28527,2,1),"") | N79: 30
A80: 2017 | B80: Q2 | C80: Copaco | D80: B2B | E80: MOBILE WORKSTATIONS | F80: COMMERCIAL | G80: Client Solutions | H80: 2915446282 | I80: Insight Enterprises Netherlands B.V | J80: Preferred | K80: =IFERROR(VLOOKUP(H80*1,'Merkleinc Datafeeds FY19Q2 wk12'!$A$1:$B$28527,2,1),"") -> TITANIUM | L80: =IFERROR(VLOOKUP(I80*1,'Merkleinc Datafeeds FY19Q2 wk12'!$D$1:$E$28527,2,1),"") | N80: 1
A81: 2017 | B81: Q2 | C81: Copaco | D81: B2B | E81: POWEREDGE | F81: POWEREDGE SERVERS | G81: Enterprise Solutions | H81: 2915446282 | I81: Insight Enterprises Netherlands B.V | J81: Preferred | K81: =IFERROR(VLOOKUP(H81*1,'Merkleinc Datafeeds FY19Q2 wk12'!$A$1:$B$28527,2,1),"") -> TITANIUM | L81: =IFERROR(VLOOKUP(I81*1,'Merkleinc Datafeeds FY19Q2 wk12'!$D$1:$E$28527,2,1),"") | N81: 34
A82: 2017 | B82: Q2 | C82: Copaco | D82: B2B | E82: FIXED WORKSTATIONS | F82: COMMERCIAL | G82: Client Solutions | H82: 2915446282 | I82: Insight Enterprises Netherlands B.V | J82: Preferred | K82: =IFERROR(VLOOKUP(H82*1,'Merkleinc Datafeeds FY19Q2 wk12'!$A$1:$B$28527,2,1),"") -> TITANIUM | L82: =IFERROR(VLOOKUP(I82*1,'Merkleinc Datafeeds FY19Q2 wk12'!$D$1:$E$28527,2,1),"") | N82: 15
A83: 2017 | B83: Q2 | C83: Copaco | D83: B2B | E83: DELL STORAGE OEM | F83: STORAGE | G83: Enterprise Solutions | H83: 2915446282 | I83: Insight Enterprises Netherlands B.V | J83: Preferred | K83: =IFERROR(VLOOKUP(H83*1,'Merkleinc Datafeeds FY19Q2 wk12'!$A$1:$B$28527,2,1),"") -> TITANIUM | L83: =IFERROR(VLOOKUP(I83*1,'Merkleinc Datafeeds FY19Q2 wk12'!$D$1:$E$28527,2,1),"") | N83: -1
A84: 2017 | B84: Q2 | C84: Copaco | D84: B2B | E84: ENTERPRISE PERIPHERALS | F84: ESG SOFTWARE AND PERIPHERALS | G84: Client Solutions | H84: 2915446282 | I84: Insight Enterprises Netherlands B.V | J84: Preferred | K84: =IFERROR(VLOOKUP(H84*1,'Merkleinc Datafeeds FY19Q2 wk12'!$A$1:$B$28527,2,1),"") -> TITANIUM | L84: =IFERROR(VLOOKUP(I84*1,'Merkleinc Datafeeds FY19Q2 wk12'!$D$1:$E$28527,2,1),"") | N84: 16
A85: 2017 | B85: Q2 | C85: Copaco | D85: B2B | E85: CLIENT PERIPHERALS | F85: CS SOFTWARE AND PERIPHERALS | G85: Client Solutions | H85: 2915446282 | I85: Insight Enterprises Netherlands B.V | J85: Preferred | K85: =IFERROR(VLOOKUP(H85*1,'Merkleinc Datafeeds FY19Q2 wk12'!$A$1:$B$28527,2,1),"") -> TITANIUM | L85: =IFERROR(VLOOKUP(I85*1,'Merkleinc Datafeeds FY19Q2 wk12'!$D$1:$E$28527,2,1),"") | N85: 2
A86: 2017 | B86: Q2 | C86: Copaco | D86: B2B | E86: TABLETS | F86: TABLET DEVICES | G86: Client Solutions | H86: 2915446282 | I86: Insight Enterprises Netherlands B.V | J86: Preferred | K86: =IFERROR(VLOOKUP(H86*1,'Merkleinc Datafeeds FY19Q2 wk12'!$A$1:$B$28527,2,1),"") -> TITANIUM | L86: =IFERROR(VLOOKUP(I86*1,'Merkleinc Datafeeds FY19Q2 wk12'!$D$1:$E$28527,2,1),"") | N86: 1
A87: 2017 | B87: Q2 | C87: Copaco | D87: B2B | E87: SUPPORT SERVICES | F87: SUPPORT AND DEPLOYMENT | G87: Enterprise Solutions | H87: 2915446282 | I87: Insight Enterprises Netherlands B.V | J87: Preferred | K87: =IFERROR(VLOOKUP(H87*1,'Merkleinc Datafeeds FY19Q2 wk12'!$A$1:$B$28527,2,1),"") -> TITANIUM | L87: =IFERROR(VLOOKUP(I87*1,'Merkleinc Datafeeds FY19Q2 wk12'!$D$1:$E$28527,2,1),"") | N87: 10
A88: 2017 | B88: Q2 | C88: Copaco | D88: B2B | E88: DELL NETWORKING | F88: NETWORKING | G88: Enterprise Solutions | H88: 2915446282 | I88: Insight Enterprises Netherlands B.V | J88: Preferred | K88: =IFERROR(VLOOKUP(H88*1,'Merkleinc Datafeeds FY19Q2 wk12'!$A$1:$B$28527,2,1),"") -> TITANIUM | L88: =IFERROR(VLOOKUP(I88*1,'Merkleinc Datafeeds FY19Q2 wk12'!$D$1:$E$28527,2,1),"") | N88: 4
A89: 2017 | B89: Q2 | C89: Copaco | D89: B2B | E89: IMAGING | F89: CS SOFTWARE AND PERIPHERALS | G89: Client Solutions | H89: 1702750232 | I89: SIGMAX ICT SPECIALISTEN B.V. | J89: - | K89: =IFERROR(VLOOKUP(H89*1,'Merkleinc Datafeeds FY19Q2 wk12'!$A$1:$B$28527,2,1),"") -> AUTHORIZED RESELLER | L89: =IFERROR(VLOOKUP(I89*1,'Merkleinc Datafeeds FY19Q2 wk12'!$D$1:$E$28527,2,1),"") | M89: Not authorized / null / unlknown / - | N89: 4
A90: 2017 | B90: Q2 | C90: Copaco | D90: B2B | E90: NON SYSTEM OTHER | F90: NON TIED | G90: Enterprise Solutions | H90: 1702750232 | I90: SIGMAX ICT SPECIALISTEN B.V. | J90: - | K90: =IFERROR(VLOOKUP(H90*1,'Merkleinc Datafeeds FY19Q2 wk12'!$A$1:$B$28527,2,1),"") -> AUTHORIZED RESELLER | L90: =IFERROR(VLOOKUP(I90*1,'Merkleinc Datafeeds FY19Q2 wk12'!$D$1:$E$28527,2,1),"") | M90: Not authorized / null / unlknown / - | N90: 7
A91: 2017 | B91: Q2 | C91: Copaco | D91: B2B | E91: XPS NOTEBOOKS | F91: CONSUMER | G91: Client Solutions | H91: 1926572838 | I91: Scholten Awater B.V. | J91: Premier | K91: =IFERROR(VLOOKUP(H91*1,'Merkleinc Datafeeds FY19Q2 wk12'!$A$1:$B$28527,2,1),"") -> AUTHORIZED RESELLER | L91: =IFERROR(VLOOKUP(I91*1,'Merkleinc Datafeeds FY19Q2 wk12'!$D$1:$E$28527,2,1),"") | N91: 4
A92: 2017 | B92: Q2 | C92: Copaco | D92: B2B | E92: IMAGING | F92: CS SOFTWARE AND PERIPHERALS | G92: Client Solutions | H92: 1926572838 | I92: Scholten Awater B.V. | J92: Premier | K92: =IFERROR(VLOOKUP(H92*1,'Merkleinc Datafeeds FY19Q2 wk12'!$A$1:$B$28527,2,1),"") -> AUTHORIZED RESELLER | L92: =IFERROR(VLOOKUP(I92*1,'Merkleinc Datafeeds FY19Q2 wk12'!$D$1:$E$28527,2,1),"") | N92: 1
A93: 2017 | B93: Q2 | C93: Copaco | D93: B2B | E93: NON SYSTEM OTHER | F93: NON TIED | G93: Enterprise Solutions | H93: 1926572838 | I93: Scholten Awater B.V. | J93: Premier | K93: =IFERROR(VLOOKUP(H93*1,'Merkleinc Datafeeds FY19Q2 wk12'!$A$1:$B$28527,2,1),"") -> AUTHORIZED RESELLER | L93: =IFERROR(VLOOKUP(I93*1,'Merkleinc Datafeeds FY19Q2 wk12'!$D$1:$E$28527,2,1),"") | N93: 25
A94: 2017 | B94: Q2 | C94: Copaco | D94: B2B | E94: LATITUDE | F94: COMMERCIAL | G94: Client Solutions | H94: 1926572838 | I94: Scholten Awater B.V. | J94: Premier | K94: =IFERROR(VLOOKUP(H94*1,'Merkleinc Datafeeds FY19Q2 wk12'!$A$1:$B$28527,2,1),"") -> AUTHORIZED RESELLER | L94: =IFERROR(VLOOKUP(I94*1,'Merkleinc Datafeeds FY19Q2 wk12'!$D$1:$E$28527,2,1),"") | N94: 10
A95: 2017 | B95: Q2 | C95: Copaco | D95: B2B | E95: POWEREDGE | F95: POWEREDGE SERVERS | G95: Enterprise Solutions | H95: 1926572838 | I95: Scholten Awater B.V. | J95: Premier | K95: =IFERROR(VLOOKUP(H95*1,'Merkleinc Datafeeds FY19Q2 wk12'!$A$1:$B$28527,2,1),"") -> AUTHORIZED RESELLER | L95: =IFERROR(VLOOKUP(I95*1,'Merkleinc Datafeeds FY19Q2 wk12'!$D$1:$E$28527,2,1),"") | N95: 4
A96: 2017 | B96: Q2 | C96: Copaco | D96: B2B | E96: FIXED WORKSTATIONS | F96: COMMERCIAL | G96: Client Solutions | H96: 1926572838 | I96: Scholten Awater B.V. | J96: Premier | K96: =IFERROR(VLOOKUP(H96*1,'Merkleinc Datafeeds FY19Q2 wk12'!$A$1:$B$28527,2,1),"") -> AUTHORIZED RESELLER | L96: =IFERROR(VLOOKUP(I96*1,'Merkleinc Datafeeds FY19Q2 wk12'!$D$1:$E$28527,2,1),"") | N96: 1
A97: 2017 | B97: Q2 | C97: Copaco | D97: B2B | E97: DELL STORAGE OEM | F97: STORAGE | G97: Enterprise Solutions | H97: 1926572838 | I97: Scholten Awater B.V. | J97: Premier | K97: =IFERROR(VLOOKUP(H97*1,'Merkleinc Datafeeds FY19Q2 wk12'!$A$1:$B$28527,2,1),"") -> AUTHORIZED RESELLER | L97: =IFERROR(VLOOKUP(I97*1,'Merkleinc Datafeeds FY19Q2 wk12'!$D$1:$E$28527,2,1),"") | N97: 4
A98: 2017 | B98: Q2 | C98: Copaco | D98: B2B | E98: CLIENT PERIPHERALS | F98: CS SOFTWARE AND PERIPHERALS | G98: Client Solutions | H98: 1926572838 | I98: Scholten Awater B.V. | J98: Premier | K98: =IFERROR(VLOOKUP(H98*1,'Merkleinc Datafeeds FY19Q2 wk12'!$A$1:$B$28527,2,1),"") -> AUTHORIZED RESELLER | L98: =IFERROR(VLOOKUP(I98*1,'Merkleinc Datafeeds FY19Q2 wk12'!$D$1:$E$28527,2,1),"") | N98: 10
A99: 2017 | B99: Q2 | C99: Copaco | D99: B2B | E99: CLOUD CLIENT | F99: THIN CLIENT | G99: Enterprise Solutions | H99: 1926572838 | I99: Scholten Awater B.V. | J99: Premier | K99: =IFERROR(VLOOKUP(H99*1,'Merkleinc Datafeeds FY19Q2 wk12'!$A$1:$B$28527,2,1),"") -> AUTHORIZED RESELLER | L99: =IFERROR(VLOOKUP(I99*1,'Merkleinc Datafeeds FY19Q2 wk12'!$D$1:$E$28527,2,1),"") | N99: 19
A100: 2017 | B100: Q2 | C100: Copaco | D100: B2B | E100: NON SYSTEM OTHER | F100: NON TIED | G100: Enterprise Solutions | H100: 1702765287 | I100: Solid Partners B.V. | J100: - | K100: =IFERROR(VLOOKUP(H100*1,'Merkleinc Datafeeds FY19Q2 wk12'!$A$1:$B$28527,2,1),"") -> AUTHORIZED RESELLER | L100: =IFERROR(VLOOKUP(I100*1,'Merkleinc Datafeeds FY19Q2 wk12'!$D$1:$E$28527,2,1),"") | M100: Not authorized / null / unlknown / - | N100: 6
A101: 2017 | B101: Q2 | C101: Copaco | D101: B2B | E101: PERSONAL NOTEBOOKS | F101: CONSUMER | G101: Client Solutions | H101: 1702775112 | I101: Infotheek Groep B.V. | J101: - | K101: =IFERROR(VLOOKUP(H101*1,'Merkleinc Datafeeds FY19Q2 wk12'!$A$1:$B$28527,2,1),"") -> TITANIUM | L101: =IFERROR(VLOOKUP(I101*1,'Merkleinc Datafeeds FY19Q2 wk12'!$D$1:$E$28527,2,1),"") | M101: Not authorized / null / unlknown / - | N101: 4
A102: 2017 | B102: Q2 | C102: Copaco | D102: B2B | E102: XPS NOTEBOOKS | F102: CONSUMER | G102: Client Solutions | H102: 1702775112 | I102: Infotheek Groep B.V. | J102: - | K102: =IFERROR(VLOOKUP(H102*1,'Merkleinc Datafeeds FY19Q2 wk12'!$A$1:$B$28527,2,1),"") -> TITANIUM | L102: =IFERROR(VLOOKUP(I102*1,'Merkleinc Datafeeds FY19Q2 wk12'!$D$1:$E$28527,2,1),"") | M102: Not authorized / null / unlknown / - | N102: 30
A103: 2017 | B103: Q2 | C103: Copaco | D103: B2B | E103: NON SYSTEM OTHER | F103: NON TIED | G103: Enterprise Solutions | H103: 1702775112 | I103: Infotheek Groep B.V. | J103: - | K103: =IFERROR(VLOOKUP(H103*1,'Merkleinc Datafeeds FY19Q2 wk12'!$A$1:$B$28527,2,1),"") -> TITANIUM | L103: =IFERROR(VLOOKUP(I103*1,'Merkleinc Datafeeds FY19Q2 wk12'!$D$1:$E$28527,2,1),"") | M103: Not authorized / null / unlknown / - | N103: 145
A104: 2017 | B104: Q2 | C104: Copaco | D104: B2B | E104: LATITUDE | F104: COMMERCIAL | G104: Client Solutions | H104: 1702775112 | I104: Infotheek Groep B.V. | J104: - | K104: =IFERROR(VLOOKUP(H104*1,'Merkleinc Datafeeds FY19Q2 wk12'!$A$1:$B$28527,2,1),"") -> TITANIUM | L104: =IFERROR(VLOOKUP(I104*1,'Merkleinc Datafeeds FY19Q2 wk12'!$D$1:$E$28527,2,1),"") | M104: Not authorized / null / unlknown / - | N104: 387
A105: 2017 | B105: Q2 | C105: Copaco | D105: B2B | E105: OPTIPLEX DESKTOPS | F105: COMMERCIAL | G105: Client Solutions | H105: 1702775112 | I105: Infotheek Groep B.V. | J105: - | K105: =IFERROR(VLOOKUP(H105*1,'Merkleinc Datafeeds FY19Q2 wk12'!$A$1:$B$28527,2,1),"") -> TITANIUM | L105: =IFERROR(VLOOKUP(I105*1,'Merkleinc Datafeeds FY19Q2 wk12'!$D$1:$E$28527,2,1),"") | M105: Not authorized / null / unlknown / - | N105: 836
A106: 2017 | B106: Q2 | C106: Copaco | D106: B2B | E106: MOBILE WORKSTATIONS | F106: COMMERCIAL | G106: Client Solutions | H106: 1702775112 | I106: Infotheek Groep B.V. | J106: - | K106: =IFERROR(VLOOKUP(H106*1,'Merkleinc Datafeeds FY19Q2 wk12'!$A$1:$B$28527,2,1),"") -> TITANIUM | L106: =IFERROR(VLOOKUP(I106*1,'Merkleinc Datafeeds FY19Q2 wk12'!$D$1:$E$28527,2,1),"") | M106: Not authorized / null / unlknown / - | N106: 7
A107: 2017 | B107: Q2 | C107: Copaco | D107: B2B | E107: POWEREDGE | F107: POWEREDGE SERVERS | G107: Enterprise Solutions | H107: 1702775112 | I107: Infotheek Groep B.V. | J107: - | K107: =IFERROR(VLOOKUP(H107*1,'Merkleinc Datafeeds FY19Q2 wk12'!$A$1:$B$28527,2,1),"") -> TITANIUM | L107: =IFERROR(VLOOKUP(I107*1,'Merkleinc Datafeeds FY19Q2 wk12'!$D$1:$E$28527,2,1),"") | M107: Not authorized / null / unlknown / - | N107: 50
A108: 2017 | B108: Q2 | C108: Copaco | D108: B2B | E108: FIXED WORKSTATIONS | F108: COMMERCIAL | G108: Client Solutions | H108: 1702775112 | I108: Infotheek Groep B.V. | J108: - | K108: =IFERROR(VLOOKUP(H108*1,'Merkleinc Datafeeds FY19Q2 wk12'!$A$1:$B$28527,2,1),"") -> TITANIUM | L108: =IFERROR(VLOOKUP(I108*1,'Merkleinc Datafeeds FY19Q2 wk12'!$D$1:$E$28527,2,1),"") | M108: Not authorized / null / unlknown / - | N108: 7
A109: 2017 | B109: Q2 | C109: Copaco | D109: B2B | E109: DELL STORAGE OEM | F109: STORAGE | G109: Enterprise Solutions | H109: 1702775112 | I109: Infotheek Groep B.V. | J109: - | K109: =IFERROR(VLOOKUP(H109*1,'Merkleinc Datafeeds FY19Q2 wk12'!$A$1:$B$28527,2,1),"") -> TITANIUM | L109: =IFERROR(VLOOKUP(I109*1,'Merkleinc Datafeeds FY19Q2 wk12'!$D$1:$E$28527,2,1),"") | M109: Not authorized / null / unlknown / - | N109: 10
A110: 2017 | B110: Q2 | C110: Copaco | D110: B2B | E110: DELL STORAGE PS | F110: STORAGE | G110: Enterprise Solutions | H110: 1702775112 | I110: Infotheek Groep B.V. | J110: - | K110: =IFERROR(VLOOKUP(H110*1,'Merkleinc Datafeeds FY19Q2 wk12'!$A$1:$B$28527,2,1),"") -> TITANIUM | L110: =IFERROR(VLOOKUP(I110*1,'Merkleinc Datafeeds FY19Q2 wk12'!$D$1:$E$28527,2,1),"") | M110: Not authorized / null / unlknown / - | N110: 2
A111: 2017 | B111: Q2 | C111: Copaco | D111: B2B | E111: ENTERPRISE PERIPHERALS | F111: ESG SOFTWARE AND PERIPHERALS | G111: Client Solutions | H111: 1702775112 | I111: Infotheek Groep B.V. | J111: - | K111: =IFERROR(VLOOKUP(H111*1,'Merkleinc Datafeeds FY19Q2 wk12'!$A$1:$B$28527,2,1),"") -> TITANIUM | L111: =IFERROR(VLOOKUP(I111*1,'Merkleinc Datafeeds FY19Q2 wk12'!$D$1:$E$28527,2,1),"") | M111: Not authorized / null / unlknown / - | N111: 2
... A116: 2017 | B116: Q2 | C116: Copaco | D116: B2B | E116: CHROME | F116: TABLET DEVICES | G116: Client Solutions | H116: 1702775112 | I116: Infotheek Groep B.V. | J116: - | K116: =IFERROR(VLOOKUP(H116*1,'Merkleinc Datafeeds FY19Q2 wk12'!$A$1:$B$28527,2,1),"") -> TITANIUM | L116: =IFERROR(VLOOKUP(I116*1,'Merkleinc Datafeeds FY19Q2 wk12'!$D$1:$E$28527,2,1),"") | M116: Not authorized / null / unlknown / - | N116: 832
A117: 2017 | B117: Q2 | C117: Copaco | D117: B2B | E117: PERSONAL NOTEBOOKS | F117: CONSUMER | G117: Client Solutions | H117: 2125177266 | I117: Central Point Nederland B.V. | J117: Premier | K117: =IFERROR(VLOOKUP(H117*1,'Merkleinc Datafeeds FY19Q2 wk12'!$A$1:$B$28527,2,1),"") -> AUTHORIZED RESELLER | L117: =IFERROR(VLOOKUP(I117*1,'Merkleinc Datafeeds FY19Q2 wk12'!$D$1:$E$28527,2,1),"") | N117: 2
A118: 2017 | B118: Q2 | C118: Copaco | D118: B2B | E118: DISPLAYS | F118: CS SOFTWARE AND PERIPHERALS | G118: Client Solutions | H118: 2125177266 | I118: Central Point Nederland B.V. | J118: Premier | K118: =IFERROR(VLOOKUP(H118*1,'Merkleinc Datafeeds FY19Q2 wk12'!$A$1:$B$28527,2,1),"") -> AUTHORIZED RESELLER | L118: =IFERROR(VLOOKUP(I118*1,'Merkleinc Datafeeds FY19Q2 wk12'!$D$1:$E$28527,2,1),"") | N118: 171
A119: 2017 | B119: Q2 | C119: Copaco | D119: B2B | E119: XPS NOTEBOOKS | F119: CONSUMER | G119: Client Solutions | H119: 2125177266 | I119: Central Point Nederland B.V. | J119: Premier | K119: =IFERROR(VLOOKUP(H119*1,'Merkleinc Datafeeds FY19Q2 wk12'!$A$1:$B$28527,2,1),"") -> AUTHORIZED RESELLER | L119: =IFERROR(VLOOKUP(I119*1,'Merkleinc Datafeeds FY19Q2 wk12'!$D$1:$E$28527,2,1),"") | N119: 20
A120: 2017 | B120: Q2 | C120: Copaco | D120: B2B | E120: IMAGING | F120: CS SOFTWARE AND PERIPHERALS | G120: Client Solutions | H120: 2125177266 | I120: Central Point Nederland B.V. | J120: Premier | K120: =IFERROR(VLOOKUP(H120*1,'Merkleinc Datafeeds FY19Q2 wk12'!$A$1:$B$28527,2,1),"") -> AUTHORIZED RESELLER | L120: =IFERROR(VLOOKUP(I120*1,'Merkleinc Datafeeds FY19Q2 wk12'!$D$1:$E$28527,2,1),"") | N120: 11
A121: 2017 | B121: Q2 | C121: Copaco | D121: B2B | E121: NON SYSTEM OTHER | F121: NON TIED | G121: Enterprise Solutions | H121: 2125177266 | I121: Central Point Nederland B.V. | J121: Premier | K121: =IFERROR(VLOOKUP(H121*1,'Merkleinc Datafeeds FY19Q2 wk12'!$A$1:$B$28527,2,1),"") -> AUTHORIZED RESELLER | L121: =IFERROR(VLOOKUP(I121*1,'Merkleinc Datafeeds FY19Q2 wk12'!$D$1:$E$28527,2,1),"") | N121: 82
A122: 2017 | B122: Q2 | C122: Copaco | D122: B2B | E122: LATITUDE | F122: COMMERCIAL | G122: Client Solutions | H122: 2125177266 | I122: Central Point Nederland B.V. | J122: Premier | K122: =IFERROR(VLOOKUP(H122*1,'Merkleinc Datafeeds FY19Q2 wk12'!$A$1:$B$28527,2,1),"") -> AUTHORIZED RESELLER | L122: =IFERROR(VLOOKUP(I122*1,'Merkleinc Datafeeds FY19Q2 wk12'!$D$1:$E$28527,2,1),"") | N122: 515
A123: 2017 | B123: Q2 | C123: Copaco | D123: B2B | E123: OPTIPLEX DESKTOPS | F123: COMMERCIAL | G123: Client Solutions | H123: 2125177266 | I123: Central Point Nederland B.V. | J123: Premier | K123: =IFERROR(VLOOKUP(H123*1,'Merkleinc Datafeeds FY19Q2 wk12'!$A$1:$B$28527,2,1),"") -> AUTHORIZED RESELLER | L123: =IFERROR(VLOOKUP(I123*1,'Merkleinc Datafeeds FY19Q2 wk12'!$D$1:$E$28527,2,1),"") | N123: 138
A124: 2017 | B124: Q2 | C124: Copaco | D124: B2B | E124: VOSTRO DESKTOPS | F124: CONSUMER | G124: Client Solutions | H124: 2125177266 | I124: Central Point Nederland B.V. | J124: Premier | K124: =IFERROR(VLOOKUP(H124*1,'Merkleinc Datafeeds FY19Q2 wk12'!$A$1:$B$28527,2,1),"") -> AUTHORIZED RESELLER | L124: =IFERROR(VLOOKUP(I124*1,'Merkleinc Datafeeds FY19Q2 wk12'!$D$1:$E$28527,2,1),"") | N124: 9
A125: 2017 | B125: Q2 | C125: Copaco | D125: B2B | E125: MOBILE WORKSTATIONS | F125: COMMERCIAL | G125: Client Solutions | H125: 2125177266 | I125: Central Point Nederland B.V. | J125: Premier | K125: =IFERROR(VLOOKUP(H125*1,'Merkleinc Datafeeds FY19Q2 wk12'!$A$1:$B$28527,2,1),"") -> AUTHORIZED RESELLER | L125: =IFERROR(VLOOKUP(I125*1,'Merkleinc Datafeeds FY19Q2 wk12'!$D$1:$E$28527,2,1),"") | N125: 22
A126: 2017 | B126: Q2 | C126: Copaco | D126: B2B | E126: POWEREDGE | F126: POWEREDGE SERVERS | G126: Enterprise Solutions | H126: 2125177266 | I126: Central Point Nederland B.V. | J126: Premier | K126: =IFERROR(VLOOKUP(H126*1,'Merkleinc Datafeeds FY19Q2 wk12'!$A$1:$B$28527,2,1),"") -> AUTHORIZED RESELLER | L126: =IFERROR(VLOOKUP(I126*1,'Merkleinc Datafeeds FY19Q2 wk12'!$D$1:$E$28527,2,1),"") | N126: 25
A127: 2017 | B127: Q2 | C127: Copaco | D127: B2B | E127: FIXED WORKSTATIONS | F127: COMMERCIAL | G127: Client Solutions | H127: 2125177266 | I127: Central Point Nederland B.V. | J127: Premier | K127: =IFERROR(VLOOKUP(H127*1,'Merkleinc Datafeeds FY19Q2 wk12'!$A$1:$B$28527,2,1),"") -> AUTHORIZED RESELLER | L127: =IFERROR(VLOOKUP(I127*1,'Merkleinc Datafeeds FY19Q2 wk12'!$D$1:$E$28527,2,1),"") | N127: 118
A128: 2017 | B128: Q2 | C128: Copaco | D128: B2B | E128: DELL STORAGE OEM | F128: STORAGE | G128: Enterprise Solutions | H128: 2125177266 | I128: Central Point Nederland B.V. | J128: Premier | K128: =IFERROR(VLOOKUP(H128*1,'Merkleinc Datafeeds FY19Q2 wk12'!$A$1:$B$28527,2,1),"") -> AUTHORIZED RESELLER | L128: =IFERROR(VLOOKUP(I128*1,'Merkleinc Datafeeds FY19Q2 wk12'!$D$1:$E$28527,2,1),"") | N128: 4
... A134: 2017 | B134: Q2 | C134: Copaco | D134: B2B | E134: CS 3RD PARTY SOFTWARE | F134: CS SOFTWARE AND PERIPHERALS | G134: Client Solutions | H134: 2125177266 | I134: Central Point Nederland B.V. | J134: Premier | K134: =IFERROR(VLOOKUP(H134*1,'Merkleinc Datafeeds FY19Q2 wk12'!$A$1:$B$28527,2,1),"") -> AUTHORIZED RESELLER | L134: =IFERROR(VLOOKUP(I134*1,'Merkleinc Datafeeds FY19Q2 wk12'!$D$1:$E$28527,2,1),"") | N134: 2
A135: 2017 | B135: Q2 | C135: Copaco | D135: B2B | E135: IMAGING | F135: CS SOFTWARE AND PERIPHERALS | G135: Client Solutions | H135: 1702708360 | I135: Linuxcompany B.V. | J135: Registered | K135: =IFERROR(VLOOKUP(H135*1,'Merkleinc Datafeeds FY19Q2 wk12'!$A$1:$B$28527,2,1),"") -> AUTHORIZED RESELLER | L135: =IFERROR(VLOOKUP(I135*1,'Merkleinc Datafeeds FY19Q2 wk12'!$D$1:$E$28527,2,1),"") | M135: Authorized / Autrhorized reseller / Registered | N135: 1
A136: 2017 | B136: Q2 | C136: Copaco | D136: B2B | E136: NON SYSTEM OTHER | F136: NON TIED | G136: Enterprise Solutions | H136: 1702708360 | I136: Linuxcompany B.V. | J136: Registered | K136: =IFERROR(VLOOKUP(H136*1,'Merkleinc Datafeeds FY19Q2 wk12'!$A$1:$B$28527,2,1),"") -> AUTHORIZED RESELLER | L136: =IFERROR(VLOOKUP(I136*1,'Merkleinc Datafeeds FY19Q2 wk12'!$D$1:$E$28527,2,1),"") | M136: Authorized / Autrhorized reseller / Registered | N136: 2
A137: 2017 | B137: Q2 | C137: Copaco | D137: B2B | E137: NON SYSTEM OTHER | F137: NON TIED | G137: Enterprise Solutions | H137: 1707425244 | I137: Overhoff Telecommunicatie B.V. | J137: - | K137: =IFERROR(VLOOKUP(H137*1,'Merkleinc Datafeeds FY19Q2 wk12'!$A$1:$B$28527,2,1),"") -> AUTHORIZED RESELLER | L137: =IFERROR(VLOOKUP(I137*1,'Merkleinc Datafeeds FY19Q2 wk12'!$D$1:$E$28527,2,1),"") | M137: Not authorized / null / unlknown / - | N137: 9
A138: 2017 | B138: Q2 | C138: Copaco | D138: B2B | E138: POWEREDGE | F138: POWEREDGE SERVERS | G138: Enterprise Solutions | H138: 1707425244 | I138: Overhoff Telecommunicatie B.V. | J138: - | K138: =IFERROR(VLOOKUP(H138*1,'Merkleinc Datafeeds FY19Q2 wk12'!$A$1:$B$28527,2,1),"") -> AUTHORIZED RESELLER | L138: =IFERROR(VLOOKUP(I138*1,'Merkleinc Datafeeds FY19Q2 wk12'!$D$1:$E$28527,2,1),"") | M138: Not authorized / null / unlknown / - | N138: 3
A139: 2017 | B139: Q2 | C139: Copaco | D139: B2B | E139: POWEREDGE | F139: POWEREDGE SERVERS | G139: Enterprise Solutions | H139: 2474391887 | I139: Emjee ICT Diensten | J139: Registered | K139: =IFERROR(VLOOKUP(H139*1,'Merkleinc Datafeeds FY19Q2 wk12'!$A$1:$B$28527,2,1),"") -> AUTHORIZED RESELLER | L139: =IFERROR(VLOOKUP(I139*1,'Merkleinc Datafeeds FY19Q2 wk12'!$D$1:$E$28527,2,1),"") | M139: Authorized / Autrhorized reseller / Registered | N139: 26
A140: 2017 | B140: Q2 | C140: Copaco | D140: B2B | E140: IMAGING | F140: CS SOFTWARE AND PERIPHERALS | G140: Client Solutions | H140: 3315408617 | I140: Meqtrade B.V. | J140: - | K140: =IFERROR(VLOOKUP(H140*1,'Merkleinc Datafeeds FY19Q2 wk12'!$A$1:$B$28527,2,1),"") -> GOLD | L140: =IFERROR(VLOOKUP(I140*1,'Merkleinc Datafeeds FY19Q2 wk12'!$D$1:$E$28527,2,1),"") | M140: Not authorized / null / unlknown / - | N140: 1
A141: 2017 | B141: Q2 | C141: Copaco | D141: B2B | E141: CLIENT PERIPHERALS | F141: CS SOFTWARE AND PERIPHERALS | G141: Client Solutions | H141: 3315408617 | I141: Meqtrade B.V. | J141: - | K141: =IFERROR(VLOOKUP(H141*1,'Merkleinc Datafeeds FY19Q2 wk12'!$A$1:$B$28527,2,1),"") -> GOLD | L141: =IFERROR(VLOOKUP(I141*1,'Merkleinc Datafeeds FY19Q2 wk12'!$D$1:$E$28527,2,1),"") | M141: Not authorized / null / unlknown / - | N141: 6
A142: 2017 | B142: Q2 | C142: Copaco | D142: B2B | E142: NON SYSTEM OTHER | F142: NON TIED | G142: Enterprise Solutions | H142: 1702774070 | I142: Open for Support | J142: Registered | K142: =IFERROR(VLOOKUP(H142*1,'Merkleinc Datafeeds FY19Q2 wk12'!$A$1:$B$28527,2,1),"") -> AUTHORIZED RESELLER | L142: =IFERROR(VLOOKUP(I142*1,'Merkleinc Datafeeds FY19Q2 wk12'!$D$1:$E$28527,2,1),"") | M142: Authorized / Autrhorized reseller / Registered | N142: 2
A143: 2017 | B143: Q2 | C143: Copaco | D143: B2B | E143: CLIENT PERIPHERALS | F143: CS SOFTWARE AND PERIPHERALS | G143: Client Solutions | H143: 3326522452 | I143: TéGéTèl B.V. | J143: - | K143: =IFERROR(VLOOKUP(H143*1,'Merkleinc Datafeeds FY19Q2 wk12'!$A$1:$B$28527,2,1),"") -> GOLD | L143: =IFERROR(VLOOKUP(I143*1,'Merkleinc Datafeeds FY19Q2 wk12'!$D$1:$E$28527,2,1),"") | M143: Not authorized / null / unlknown / - | N143: 1
A144: 2017 | B144: Q2 | C144: Copaco | D144: B2B | E144: IMAGING | F144: CS SOFTWARE AND PERIPHERALS | G144: Client Solutions | H144: 2717852148 | I144: Max ICT B.V. | J144: Registered | K144: =IFERROR(VLOOKUP(H144*1,'Merkleinc Datafeeds FY19Q2 wk12'!$A$1:$B$28527,2,1),"") -> AUTHORIZED RESELLER | L144: =IFERROR(VLOOKUP(I144*1,'Merkleinc Datafeeds FY19Q2 wk12'!$D$1:$E$28527,2,1),"") | M144: Authorized / Autrhorized reseller / Registered | N144: 1
A145: 2017 | B145: Q2 | C145: Copaco | D145: B2B | E145: NON SYSTEM OTHER | F145: NON TIED | G145: Enterprise Solutions | H145: 2717852148 | I145: Max ICT B.V. | J145: Registered | K145: =IFERROR(VLOOKUP(H145*1,'Merkleinc Datafeeds FY19Q2 wk12'!$A$1:$B$28527,2,1),"") -> AUTHORIZED RESELLER | L145: =IFERROR(VLOOKUP(I145*1,'Merkleinc Datafeeds FY19Q2 wk12'!$D$1:$E$28527,2,1),"") | M145: Authorized / Autrhorized reseller / Registered | N145: 14
A146: 2017 | B146: Q2 | C146: Copaco | D146: B2B | E146: CLIENT PERIPHERALS | F146: CS SOFTWARE AND PERIPHERALS | G146: Client Solutions | H146: 2717852148 | I146: Max ICT B.V. | J146: Registered | K146: =IFERROR(VLOOKUP(H146*1,'Merkleinc Datafeeds FY19Q2 wk12'!$A$1:$B$28527,2,1),"") -> AUTHORIZED RESELLER | L146: =IFERROR(VLOOKUP(I146*1,'Merkleinc Datafeeds FY19Q2 wk12'!$D$1:$E$28527,2,1),"") | M146: Authorized / Autrhorized reseller / Registered | N146: 1
... A206: 2017 | B206: Q2 | C206: Copaco | D206: B2B | E206: SUPPORT SERVICES | F206: SUPPORT AND DEPLOYMENT | G206: Enterprise Solutions | H206: 1919023133 | I206: Aadata B.V. | J206: - | K206: =IFERROR(VLOOKUP(H206*1,'Merkleinc Datafeeds FY19Q2 wk12'!$A$1:$B$28527,2,1),"") -> AUTHORIZED RESELLER | L206: =IFERROR(VLOOKUP(I206*1,'Merkleinc Datafeeds FY19Q2 wk12'!$D$1:$E$28527,2,1),"") | M206: Not authorized / null / unlknown / - | N206: 1
A207: 2017 | B207: Q2 | C207: Copaco | D207: B2B | E207: XPS NOTEBOOKS | F207: CONSUMER | G207: Client Solutions | H207: 1702768698 | I207: H & R Automatisering B.V. | J207: Preferred | K207: =IFERROR(VLOOKUP(H207*1,'Merkleinc Datafeeds FY19Q2 wk12'!$A$1:$B$28527,2,1),"") -> AUTHORIZED RESELLER | L207: =IFERROR(VLOOKUP(I207*1,'Merkleinc Datafeeds FY19Q2 wk12'!$D$1:$E$28527,2,1),"") | N207: 3
A208: 2017 | B208: Q2 | C208: Copaco | D208: B2B | E208: LATITUDE | F208: COMMERCIAL | G208: Client Solutions | H208: 1702768698 | I208: H & R Automatisering B.V. | J208: Preferred | K208: =IFERROR(VLOOKUP(H208*1,'Merkleinc Datafeeds FY19Q2 wk12'!$A$1:$B$28527,2,1),"") -> AUTHORIZED RESELLER | L208: =IFERROR(VLOOKUP(I208*1,'Merkleinc Datafeeds FY19Q2 wk12'!$D$1:$E$28527,2,1),"") | N208: 4
A209: 2017 | B209: Q2 | C209: Copaco | D209: B2B | E209: SUPPORT SERVICES | F209: SUPPORT AND DEPLOYMENT | G209: Enterprise Solutions | H209: 1702768698 | I209: H & R Automatisering B.V. | J209: Preferred | K209: =IFERROR(VLOOKUP(H209*1,'Merkleinc Datafeeds FY19Q2 wk12'!$A$1:$B$28527,2,1),"") -> AUTHORIZED RESELLER | L209: =IFERROR(VLOOKUP(I209*1,'Merkleinc Datafeeds FY19Q2 wk12'!$D$1:$E$28527,2,1),"") | N209: 1
A210: 2017 | B210: Q2 | C210: Copaco | D210: B2B | E210: LATITUDE | F210: COMMERCIAL | G210: Client Solutions | H210: 1704545131 | I210: Eurosystems Automatisering B.V. | J210: - | K210: =IFERROR(VLOOKUP(H210*1,'Merkleinc Datafeeds FY19Q2 wk12'!$A$1:$B$28527,2,1),"") -> AUTHORIZED RESELLER | L210: =IFERROR(VLOOKUP(I210*1,'Merkleinc Datafeeds FY19Q2 wk12'!$D$1:$E$28527,2,1),"") | M210: Not authorized / null / unlknown / - | N210: 2
A211: 2017 | B211: Q2 | C211: Copaco | D211: B2B | E211: CLIENT PERIPHERALS | F211: CS SOFTWARE AND PERIPHERALS | G211: Client Solutions | H211: 1704545131 | I211: Eurosystems Automatisering B.V. | J211: - | K211: =IFERROR(VLOOKUP(H211*1,'Merkleinc Datafeeds FY19Q2 wk12'!$A$1:$B$28527,2,1),"") -> AUTHORIZED RESELLER | L211: =IFERROR(VLOOKUP(I211*1,'Merkleinc Datafeeds FY19Q2 wk12'!$D$1:$E$28527,2,1),"") | M211: Not authorized / null / unlknown / - | N211: 2
A212: 2017 | B212: Q2 | C212: Copaco | D212: B2B | E212: SUPPORT SERVICES | F212: SUPPORT AND DEPLOYMENT | G212: Enterprise Solutions | H212: 1704545131 | I212: Eurosystems Automatisering B.V. | J212: - | K212: =IFERROR(VLOOKUP(H212*1,'Merkleinc Datafeeds FY19Q2 wk12'!$A$1:$B$28527,2,1),"") -> AUTHORIZED RESELLER | L212: =IFERROR(VLOOKUP(I212*1,'Merkleinc Datafeeds FY19Q2 wk12'!$D$1:$E$28527,2,1),"") | M212: Not authorized / null / unlknown / - | N212: 2
A213: 2017 | B213: Q2 | C213: Copaco | D213: B2B | E213: CLOUD CLIENT | F213: THIN CLIENT | G213: Enterprise Solutions | H213: 1704545131 | I213: Eurosystems Automatisering B.V. | J213: - | K213: =IFERROR(VLOOKUP(H213*1,'Merkleinc Datafeeds FY19Q2 wk12'!$A$1:$B$28527,2,1),"") -> AUTHORIZED RESELLER | L213: =IFERROR(VLOOKUP(I213*1,'Merkleinc Datafeeds FY19Q2 wk12'!$D$1:$E$28527,2,1),"") | M213: Not authorized / null / unlknown / - | N213: 1
A214: 2017 | B214: Q2 | C214: Copaco | D214: B2B | E214: LATITUDE | F214: COMMERCIAL | G214: Client Solutions | H214: 1980261681 | I214: Entris B.V. | J214: - | K214: =IFERROR(VLOOKUP(H214*1,'Merkleinc Datafeeds FY19Q2 wk12'!$A$1:$B$28527,2,1),"") -> AUTHORIZED RESELLER | L214: =IFERROR(VLOOKUP(I214*1,'Merkleinc Datafeeds FY19Q2 wk12'!$D$1:$E$28527,2,1),"") | M214: Not authorized / null / unlknown / - | N214: 1
...

Sheet Merkleinc Datafeeds FY19Q2 wk12
A1: affinity_id_gcc | B1: reseller_type | D1: reseller_name | E1: reseller_type
A2: 1702775112 | B2: TITANIUM | D2: 1 | E2: Test | K2: =IFERROR(VLOOKUP(H2*1,'Merkleinc Datafeeds FY19Q2 wk12'!$A$1:$B$20000,2,1),"")
A3: 1702775112 | B3: TITANIUM | D3: CENTRAL POINT NEDERLAND B.V. | E3: TITANIUM | K3: =IFERROR(VLOOKUP(H3*1,'Merkleinc Datafeeds FY19Q2 wk12'!$A$1:$B$20000,2,1),"")
A4: 1702775112 | B4: TITANIUM | D4: CENTRAL POINT NEDERLAND B.V. | E4: TITANIUM | K4: =IFERROR(VLOOKUP(H4*1,'Merkleinc Datafeeds FY19Q2 wk12'!$A$1:$B$20000,2,1),"")
A5: 1702775112 | B5: TITANIUM | D5: CENTRAL POINT NEDERLAND B.V. | E5: TITANIUM | K5: =IFERROR(VLOOKUP(H5*1,'Merkleinc Datafeeds FY19Q2 wk12'!$A$1:$B$20000,2,1),"")
A6: 1702775112 | B6: AUTHORIZED RESELLER | D6: CENTRAL POINT NEDERLAND B.V. | E6: TITANIUM | K6: =IFERROR(VLOOKUP(H6*1,'Merkleinc Datafeeds FY19Q2 wk12'!$A$1:$B$20000,2,1),"")
A7: 1702691963 | B7: AUTHORIZED RESELLER | D7: 4LAUNCH B.V. | E7: AUTHORIZED RESELLER | K7: =IFERROR(VLOOKUP(H7*1,'Merkleinc Datafeeds FY19Q2 wk12'!$A$1:$B$20000,2,1),"")
A8: 1703893874 | B8: GOLD | D8: HAV ADVISOR INTERNATIONAL B.V. | E8: AUTHORIZED RESELLER | K8: =IFERROR(VLOOKUP(H8*1,'Merkleinc Datafeeds FY19Q2 wk12'!$A$1:$B$20000,2,1),"")
A9: 1703893874 | B9: GOLD | D9: ACKNOWLEDGE BENELUX B.V. | E9: GOLD | K9: =IFERROR(VLOOKUP(H9*1,'Merkleinc Datafeeds FY19Q2 wk12'!$A$1:$B$20000,2,1),"")
A10: 2381946499 | B10: AUTHORIZED RESELLER | D10: ACKNOWLEDGE BENELUX B.V. | E10: GOLD | K10: =IFERROR(VLOOKUP(H10*1,'Merkleinc Datafeeds FY19Q2 wk12'!$A$1:$B$20000,2,1),"")
A11: 2612027353 | B11: TITANIUM | D11: TECHNOFARM B.V. | E11: AUTHORIZED RESELLER | K11: =IFERROR(VLOOKUP(H11*1,'Merkleinc Datafeeds FY19Q2 wk12'!$A$1:$B$20000,2,1),"")
A12: 2612027353 | B12: TITANIUM | D12: ARP NEDERLAND B.V. | E12: TITANIUM | K12: =IFERROR(VLOOKUP(H12*1,'Merkleinc Datafeeds FY19Q2 wk12'!$A$1:$B$20000,2,1),"")
A13: 2612027353 | B13: TITANIUM | D13: ARP NEDERLAND B.V. | E13: TITANIUM | K13: =IFERROR(VLOOKUP(H13*1,'Merkleinc Datafeeds FY19Q2 wk12'!$A$1:$B$20000,2,1),"")
A14: 2612027353 | B14: TITANIUM | D14: ARP NEDERLAND B.V. | E14: TITANIUM | K14: =IFERROR(VLOOKUP(H14*1,'Merkleinc Datafeeds FY19Q2 wk12'!$A$1:$B$20000,2,1),"")
... A17: 1902279229 | B17: TITANIUM | D17: ARP NEDERLAND B.V. | E17: TITANIUM | K17: =IFERROR(VLOOKUP(H17*1,'Merkleinc Datafeeds FY19Q2 wk12'!$A$1:$B$20000,2,1),"")
A18: 1902279229 | B18: TITANIUM | D18: E. VAN DEN BRINK | K18: =IFERROR(VLOOKUP(H18*1,'Merkleinc Datafeeds FY19Q2 wk12'!$A$1:$B$20000,2,1),"")
A19: 1902279229 | B19: TITANIUM | D19: MISCO SOLUTIONS B.V. | E19: TITANIUM | K19: =IFERROR(VLOOKUP(H19*1,'Merkleinc Datafeeds FY19Q2 wk12'!$A$1:$B$20000,2,1),"")
A20: 2612027353 | B20: TITANIUM | D20: MISCO SOLUTIONS B.V. | E20: TITANIUM | K20: =IFERROR(VLOOKUP(H20*1,'Merkleinc Datafeeds FY19Q2 wk12'!$A$1:$B$20000,2,1),"")
A21: 2612027353 | B21: TITANIUM | D21: MISCO SOLUTIONS B.V. | E21: TITANIUM | K21: =IFERROR(VLOOKUP(H21*1,'Merkleinc Datafeeds FY19Q2 wk12'!$A$1:$B$20000,2,1),"")
A22: 2612027353 | B22: TITANIUM | D22: ARP NEDERLAND B.V. | E22: TITANIUM | K22: =IFERROR(VLOOKUP(H22*1,'Merkleinc Datafeeds FY19Q2 wk12'!$A$1:$B$20000,2,1),"")
A23: 2612027353 | B23: TITANIUM | D23: ARP NEDERLAND B.V. | E23: TITANIUM | K23: =IFERROR(VLOOKUP(H23*1,'Merkleinc Datafeeds FY19Q2 wk12'!$A$1:$B$20000,2,1),"")
A24: 2612027353 | B24: TITANIUM | D24: ARP NEDERLAND B.V. | E24: TITANIUM | K24: =IFERROR(VLOOKUP(H24*1,'Merkleinc Datafeeds FY19Q2 wk12'!$A$1:$B$20000,2,1),"")
A25: 2612027353 | B25: TITANIUM | D25: ARP NEDERLAND B.V. | E25: TITANIUM | K25: =IFERROR(VLOOKUP(H25*1,'Merkleinc Datafeeds FY19Q2 wk12'!$A$1:$B$20000,2,1),"")
A26: 1702768698 | B26: GOLD | D26: ARP NEDERLAND B.V. | E26: TITANIUM | K26: =IFERROR(VLOOKUP(H26*1,'Merkleinc Datafeeds FY19Q2 wk12'!$A$1:$B$20000,2,1),"")
A27: 3373132652 | B27: AUTHORIZED RESELLER | D27: ARP NEDERLAND B.V. | E27: TITANIUM | K27: =IFERROR(VLOOKUP(H27*1,'Merkleinc Datafeeds FY19Q2 wk12'!$A$1:$B$20000,2,1),"")
A28: 3373132652 | B28: AUTHORIZED RESELLER | D28: H&R AUTOMATISERING B.V. | E28: GOLD | K28: =IFERROR(VLOOKUP(H28*1,'Merkleinc Datafeeds FY19Q2 wk12'!$A$1:$B$20000,2,1),"")
A29: 3373132652 | B29: AUTHORIZED RESELLER | D29: PFISTER WEEGTECHNIEK B.V. | K29: =IFERROR(VLOOKUP(H29*1,'Merkleinc Datafeeds FY19Q2 wk12'!$A$1:$B$20000,2,1),"")
A30: 1702737419 | B30: GOLD | D30: SABRA SOFTWARE B.V. | E30: AUTHORIZED RESELLER | K30: =IFERROR(VLOOKUP(H30*1,'Merkleinc Datafeeds FY19Q2 wk12'!$A$1:$B$20000,2,1),"")
A31: 1702737419 | B31: GOLD | D31: SABRA SOFTWARE B.V. | E31: AUTHORIZED RESELLER | K31: =IFERROR(VLOOKUP(H31*1,'Merkleinc Datafeeds FY19Q2 wk12'!$A$1:$B$20000,2,1),"")
A32: 2399255813 | B32: AUTHORIZED RESELLER | D32: SABRA SOFTWARE B.V. | E32: AUTHORIZED RESELLER | K32: =IFERROR(VLOOKUP(H32*1,'Merkleinc Datafeeds FY19Q2 wk12'!$A$1:$B$20000,2,1),"")
A33: 3380916405 | B33: AUTHORIZED RESELLER | D33: DATABYTE B.V. | E33: GOLD | K33: =IFERROR(VLOOKUP(H33*1,'Merkleinc Datafeeds FY19Q2 wk12'!$A$1:$B$20000,2,1),"")
A34: 1702763957 | B34: AUTHORIZED RESELLER | D34: DATABYTE B.V. | E34: GOLD | K34: =IFERROR(VLOOKUP(H34*1,'Merkleinc Datafeeds FY19Q2 wk12'!$A$1:$B$20000,2,1),"")
A35: 2483502137 | B35: TITANIUM | D35: CERVUS AUTOMATISERING B.V. | E35: AUTHORIZED RESELLER | K35: =IFERROR(VLOOKUP(H35*1,'Merkleinc Datafeeds FY19Q2 wk12'!$A$1:$B$20000,2,1),"")
A36: 2483502137 | B36: TITANIUM | D36: LIBRA SERVICE AUTOMATISERING B.V. | E36: AUTHORIZED RESELLER | K36: =IFERROR(VLOOKUP(H36*1,'Merkleinc Datafeeds FY19Q2 wk12'!$A$1:$B$20000,2,1),"")
A37: 2483502137 | B37: TITANIUM | D37: KNS AUTOMATISERING B.V. | E37: AUTHORIZED RESELLER | K37: =IFERROR(VLOOKUP(H37*1,'Merkleinc Datafeeds FY19Q2 wk12'!$A$1:$B$20000,2,1),"")
A38: 1702731451 | B38: PLATINUM | D38: BUYITDIRECT.COM N.V. | E38: TITANIUM | K38: =IFERROR(VLOOKUP(H38*1,'Merkleinc Datafeeds FY19Q2 wk12'!$A$1:$B$20000,2,1),"")
A39: 1702731451 | B39: PLATINUM | D39: BUYITDIRECT.COM N.V. | E39: TITANIUM | K39: =IFERROR(VLOOKUP(H39*1,'Merkleinc Datafeeds FY19Q2 wk12'!$A$1:$B$20000,2,1),"")
A40: 1702714580 | B40: AUTHORIZED RESELLER | D40: BUYITDIRECT.COM N.V. | E40: TITANIUM | K40: =IFERROR(VLOOKUP(H40*1,'Merkleinc Datafeeds FY19Q2 wk12'!$A$1:$B$20000,2,1),"")
A41: 1702714580 | B41: AUTHORIZED RESELLER | D41: SWITCH IT SOLUTIONS B.V. | E41: PLATINUM | K41: =IFERROR(VLOOKUP(H41*1,'Merkleinc Datafeeds FY19Q2 wk12'!$A$1:$B$20000,2,1),"")
A42: 3378402987 | B42: AUTHORIZED RESELLER | D42: SWITCH IT SOLUTIONS B.V. | E42: PLATINUM | K42: =IFERROR(VLOOKUP(H42*1,'Merkleinc Datafeeds FY19Q2 wk12'!$A$1:$B$20000,2,1),"")
A43: 1873115747 | B43: AUTHORIZED RESELLER | D43: RADIX B.V. | K43: =IFERROR(VLOOKUP(H43*1,'Merkleinc Datafeeds FY19Q2 wk12'!$A$1:$B$20000,2,1),"")
A44: 1873115747 | B44: AUTHORIZED RESELLER | D44: RADIX B.V. | K44: =IFERROR(VLOOKUP(H44*1,'Merkleinc Datafeeds FY19Q2 wk12'!$A$1:$B$20000,2,1),"")
A45: 1873115747 | B45: AUTHORIZED RESELLER | D45: RADIX B.V. | K45: =IFERROR(VLOOKUP(H45*1,'Merkleinc Datafeeds FY19Q2 wk12'!$A$1:$B$20000,2,1),"")
A46: 1873115747 | B46: AUTHORIZED RESELLER | D46: PRESTOP B.V. | E46: AUTHORIZED RESELLER | K46: =IFERROR(VLOOKUP(H46*1,'Merkleinc Datafeeds FY19Q2 wk12'!$A$1:$B$20000,2,1),"")
A47: 1873115747 | B47: AUTHORIZED RESELLER | D47: PRESTOP B.V. | E47: AUTHORIZED RESELLER | K47: =IFERROR(VLOOKUP(H47*1,'Merkleinc Datafeeds FY19Q2 wk12'!$A$1:$B$20000,2,1),"")
A48: 1873115747 | B48: AUTHORIZED RESELLER | D48: INFORMATIQUE COMPUTERS & COMPONENTE | E48: AUTHORIZED RESELLER | K48: =IFERROR(VLOOKUP(H48*1,'Merkleinc Datafeeds FY19Q2 wk12'!$A$1:$B$20000,2,1),"")
A49: 1873115747 | B49: AUTHORIZED RESELLER | D49: ACES DIRECT B.V. | E49: AUTHORIZED RESELLER | K49: =IFERROR(VLOOKUP(H49*1,'Merkleinc Datafeeds FY19Q2 wk12'!$A$1:$B$20000,2,1),"")
A50: 1873115747 | B50: AUTHORIZED RESELLER | D50: ACES DIRECT B.V. | E50: AUTHORIZED RESELLER | K50: =IFERROR(VLOOKUP(H50*1,'Merkleinc Datafeeds FY19Q2 wk12'!$A$1:$B$20000,2,1),"")
A51: 3367821282 | B51: AUTHORIZED RESELLER | D51: ACES DIRECT B.V. | E51: AUTHORIZED RESELLER | K51: =IFERROR(VLOOKUP(H51*1,'Merkleinc Datafeeds FY19Q2 wk12'!$A$1:$B$20000,2,1),"")
A52: 3367821282 | B52: AUTHORIZED RESELLER | D52: ACES DIRECT B.V. | E52: AUTHORIZED RESELLER | K52: =IFERROR(VLOOKUP(H52*1,'Merkleinc Datafeeds FY19Q2 wk12'!$A$1:$B$20000,2,1),"")
A53: 2915446282 | B53: TITANIUM | D53: ACES DIRECT B.V. | E53: AUTHORIZED RESELLER | K53: =IFERROR(VLOOKUP(H53*1,'Merkleinc Datafeeds FY19Q2 wk12'!$A$1:$B$20000,2,1),"")
A54: 2915446282 | B54: TITANIUM | D54: ACES DIRECT B.V. | E54: AUTHORIZED RESELLER | K54: =IFERROR(VLOOKUP(H54*1,'Merkleinc Datafeeds FY19Q2 wk12'!$A$1:$B$20000,2,1),"")
A55: 1873115747 | B55: AUTHORIZED RESELLER | D55: ACES DIRECT B.V. | E55: AUTHORIZED RESELLER | K55: =IFERROR(VLOOKUP(H55*1,'Merkleinc Datafeeds FY19Q2 wk12'!$A$1:$B$20000,2,1),"")
A56: 1873115747 | B56: AUTHORIZED RESELLER | D56: ACES DIRECT B.V. | E56: AUTHORIZED RESELLER | K56: =IFERROR(VLOOKUP(H56*1,'Merkleinc Datafeeds FY19Q2 wk12'!$A$1:$B$20000,2,1),"")
A57: 1873115747 | B57: AUTHORIZED RESELLER | D57: NEDVICE B.V. | E57: AUTHORIZED RESELLER | K57: =IFERROR(VLOOKUP(H57*1,'Merkleinc Datafeeds FY19Q2 wk12'!$A$1:$B$20000,2,1),"")
... A126: 1873081611 | B126: AUTHORIZED RESELLER | D126: AXIANS | E126: AUTHORIZED RESELLER | K126: =IFERROR(VLOOKUP(H126*1,'Merkleinc Datafeeds FY19Q2 wk12'!$A$1:$B$20000,2,1),"")
A127: 1873081611 | B127: AUTHORIZED RESELLER | D127: NIEUWENBORG SOLIT SOLUTIONS B.V. | K127: =IFERROR(VLOOKUP(H127*1,'Merkleinc Datafeeds FY19Q2 wk12'!$A$1:$B$20000,2,1),"")
A128: 2903182407 | B128: AUTHORIZED RESELLER | D128: LIONCOMP AUTOMATISERING | K128: =IFERROR(VLOOKUP(H128*1,'Merkleinc Datafeeds FY19Q2 wk12'!$A$1:$B$20000,2,1),"")
A129: 1702747593 | B129: AUTHORIZED RESELLER | D129: LEPPINK ELECTRONICA & COMPUTERS B.V | E129: AUTHORIZED RESELLER | K129: =IFERROR(VLOOKUP(H129*1,'Merkleinc Datafeeds FY19Q2 wk12'!$A$1:$B$20000,2,1),"")
A130: 1702747593 | B130: AUTHORIZED RESELLER | D130: VITASYS B.V. | E130: GOLD | K130: =IFERROR(VLOOKUP(H130*1,'Merkleinc Datafeeds FY19Q2 wk12'!$A$1:$B$20000,2,1),"")
A131: 3388554371 | B131: AUTHORIZED RESELLER | D131: TRACTION INFORMATION TECHNOLOGIES | E131: AUTHORIZED RESELLER | K131: =IFERROR(VLOOKUP(H131*1,'Merkleinc Datafeeds FY19Q2 wk12'!$A$1:$B$20000,2,1),"")
A132: 3326522452 | B132: AUTHORIZED RESELLER | D132: TRACTION INFORMATION TECHNOLOGIES | E132: AUTHORIZED RESELLER | K132: =IFERROR(VLOOKUP(H132*1,'Merkleinc Datafeeds FY19Q2 wk12'!$A$1:$B$20000,2,1),"")
A133: 1873065638 | B133: AUTHORIZED RESELLER | D133: INTHER LOGISTICS ENGINEERING B.V. | E133: AUTHORIZED RESELLER | K133: =IFERROR(VLOOKUP(H133*1,'Merkleinc Datafeeds FY19Q2 wk12'!$A$1:$B$20000,2,1),"")
A134: 2851599082 | B134: GOLD | D134: INTHER LOGISTICS ENGINEERING B.V. | E134: AUTHORIZED RESELLER | K134: =IFERROR(VLOOKUP(H134*1,'Merkleinc Datafeeds FY19Q2 wk12'!$A$1:$B$20000,2,1),"")
A135: 2851599082 | B135: GOLD | D135: INTHER LOGISTICS ENGINEERING B.V. | E135: AUTHORIZED RESELLER | K135: =IFERROR(VLOOKUP(H135*1,'Merkleinc Datafeeds FY19Q2 wk12'!$A$1:$B$20000,2,1),"")
A136: 2717852148 | B136: AUTHORIZED RESELLER | D136: ACES B.V. | E136: AUTHORIZED RESELLER | K136: =IFERROR(VLOOKUP(H136*1,'Merkleinc Datafeeds FY19Q2 wk12'!$A$1:$B$20000,2,1),"")
A137: 2717852148 | B137: AUTHORIZED RESELLER | D137: FANCIT | E137: AUTHORIZED RESELLER | K137: =IFERROR(VLOOKUP(H137*1,'Merkleinc Datafeeds FY19Q2 wk12'!$A$1:$B$20000,2,1),"")
A138: 3378837017 | B138: AUTHORIZED RESELLER | D138: FANCIT | E138: AUTHORIZED RESELLER | K138: =IFERROR(VLOOKUP(H138*1,'Merkleinc Datafeeds FY19Q2 wk12'!$A$1:$B$20000,2,1),"")
A139: 3378837017 | B139: AUTHORIZED RESELLER | D139: CNSE (COMPUTER NETWORKS SERVICES | E139: AUTHORIZED RESELLER | K139: =IFERROR(VLOOKUP(H139*1,'Merkleinc Datafeeds FY19Q2 wk12'!$A$1:$B$20000,2,1),"")
A140: 1873055521 | B140: GOLD | D140: S.T.H. AUTOMATISERING B.V. | K140: =IFERROR(VLOOKUP(H140*1,'Merkleinc Datafeeds FY19Q2 wk12'!$A$1:$B$20000,2,1),"")
A141: 1873055521 | B141: GOLD | D141: TÃ‰GÃ‰TÃˆL B.V. | E141: AUTHORIZED RESELLER | K141: =IFERROR(VLOOKUP(H141*1,'Merkleinc Datafeeds FY19Q2 wk12'!$A$1:$B$20000,2,1),"")
A142: 1873055521 | B142: GOLD | D142: FREEZ.IT B.V. | E142: AUTHORIZED RESELLER | K142: =IFERROR(VLOOKUP(H142*1,'Merkleinc Datafeeds FY19Q2 wk12'!$A$1:$B$20000,2,1),"")
A143: 1873055521 | B143: GOLD | D143: ALTERNATE COMPUTERVERSAND | E143: GOLD | K143: =IFERROR(VLOOKUP(H143*1,'Merkleinc Datafeeds FY19Q2 wk12'!$A$1:$B$20000,2,1),"")
A144: 1873055521 | B144: GOLD | D144: ALTERNATE COMPUTERVERSAND | E144: GOLD | K144: =IFERROR(VLOOKUP(H144*1,'Merkleinc Datafeeds FY19Q2 wk12'!$A$1:$B$20000,2,1),"")
A145: 2609489052 | B145: AUTHORIZED RESELLER | D145: MAX ICT B.V. | E145: AUTHORIZED RESELLER | K145: =IFERROR(VLOOKUP(H145*1,'Merkleinc Datafeeds FY19Q2 wk12'!$A$1:$B$20000,2,1),"")
A146: 2609489052 | B146: AUTHORIZED RESELLER | D146: MAX ICT B.V. | E146: AUTHORIZED RESELLER | K146: =IFERROR(VLOOKUP(H146*1,'Merkleinc Datafeeds FY19Q2 wk12'!$A$1:$B$20000,2,1),"")
A147: 2609489052 | B147: AUTHORIZED RESELLER | D147: PC-SCORE RENKUM B.V. | E147: AUTHORIZED RESELLER | K147: =IFERROR(VLOOKUP(H147*1,'Merkleinc Datafeeds FY19Q2 wk12'!$A$1:$B$20000,2,1),"")
A148: 2609489052 | B148: AUTHORIZED RESELLER | D148: PC-SCORE RENKUM B.V. | E148: AUTHORIZED RESELLER | K148: =IFERROR(VLOOKUP(H148*1,'Merkleinc Datafeeds FY19Q2 wk12'!$A$1:$B$20000,2,1),"")
A149: 2609489052 | B149: AUTHORIZED RESELLER | D149: IT FIRST B.V. | E149: GOLD | K149: =IFERROR(VLOOKUP(H149*1,'Merkleinc Datafeeds FY19Q2 wk12'!$A$1:$B$20000,2,1),"")
A150: 1702790458 | B150: AUTHORIZED RESELLER | D150: IT FIRST B.V. | E150: GOLD | K150: =IFERROR(VLOOKUP(H150*1,'Merkleinc Datafeeds FY19Q2 wk12'!$A$1:$B$20000,2,1),"")
A151: 1702790458 | B151: AUTHORIZED RESELLER | D151: IT FIRST B.V. | E151: GOLD | K151: =IFERROR(VLOOKUP(H151*1,'Merkleinc Datafeeds FY19Q2 wk12'!$A$1:$B$20000,2,1),"")
A152: 1702705553 | B152: AUTHORIZED RESELLER | D152: IT FIRST B.V. | E152: GOLD | K152: =IFERROR(VLOOKUP(H152*1,'Merkleinc Datafeeds FY19Q2 wk12'!$A$1:$B$20000,2,1),"")
... A158: 2454012290 | B158: GOLD | D158: AZERTY B.V. | E158: AUTHORIZED RESELLER | K158: =IFERROR(VLOOKUP(H158*1,'Merkleinc Datafeeds FY19Q2 wk12'!$A$1:$B$20000,2,1),"")
A159: 2453322456 | B159: TITANIUM | D159: CSU-COMPUTER SERVICE UITHOORN | K159: =IFERROR(VLOOKUP(H159*1,'Merkleinc Datafeeds FY19Q2 wk12'!$A$1:$B$20000,2,1),"")
A160: 2453322456 | B160: TITANIUM | D160: SAM OFFICE SUPPORT | E160: AUTHORIZED RESELLER | K160: =IFERROR(VLOOKUP(H160*1,'Merkleinc Datafeeds FY19Q2 wk12'!$A$1:$B$20000,2,1),"")
A161: 2453322456 | B161: TITANIUM | D161: SAM OFFICE SUPPORT | E161: AUTHORIZED RESELLER | K161: =IFERROR(VLOOKUP(H161*1,'Merkleinc Datafeeds FY19Q2 wk12'!$A$1:$B$20000,2,1),"")
A162: 2453322456 | B162: TITANIUM | D162: SKYLINER AUTOMATISERING B.V. | E162: AUTHORIZED RESELLER | K162: =IFERROR(VLOOKUP(H162*1,'Merkleinc Datafeeds FY19Q2 wk12'!$A$1:$B$20000,2,1),"")
A163: 2453322456 | B163: TITANIUM | D163: STEAL IT B.V. | E163: AUTHORIZED RESELLER | K163: =IFERROR(VLOOKUP(H163*1,'Merkleinc Datafeeds FY19Q2 wk12'!$A$1:$B$20000,2,1),"")
A164: 1702759823 | B164: AUTHORIZED RESELLER | D164: SERVE | E164: AUTHORIZED RESELLER | K164: =IFERROR(VLOOKUP(H164*1,'Merkleinc Datafeeds FY19Q2 wk12'!$A$1:$B$20000,2,1),"")
A165: 1702759823 | B165: AUTHORIZED RESELLER | D165: COMPUPARK KLUMA | E165: AUTHORIZED RESELLER | K165: =IFERROR(VLOOKUP(H165*1,'Merkleinc Datafeeds FY19Q2 wk12'!$A$1:$B$20000,2,1),"")
A166: 3373128692 | B166: AUTHORIZED RESELLER | D166: TEUNIS AUTOMOTIVE B.V. | K166: =IFERROR(VLOOKUP(H166*1,'Merkleinc Datafeeds FY19Q2 wk12'!$A$1:$B$20000,2,1),"")
A167: 2585153283 | B167: AUTHORIZED RESELLER | D167: BECHTLE DIRECT B.V. | E167: TITANIUM | K167: =IFERROR(VLOOKUP(H167*1,'Merkleinc Datafeeds FY19Q2 wk12'!$A$1:$B$20000,2,1),"")
A168: 3048732802 | B168: AUTHORIZED RESELLER | D168: BECHTLE DIRECT B.V. | E168: TITANIUM | K168: =IFERROR(VLOOKUP(H168*1,'Merkleinc Datafeeds FY19Q2 wk12'!$A$1:$B$20000,2,1),"")
A169: 3048732802 | B169: AUTHORIZED RESELLER | D169: NEG-ITSOLUTIONS B.V. | E169: GOLD | K169: =IFERROR(VLOOKUP(H169*1,'Merkleinc Datafeeds FY19Q2 wk12'!$A$1:$B$20000,2,1),"")
A170: 1702731589 | B170: AUTHORIZED RESELLER | D170: BECHTLE DIRECT B.V. | E170: TITANIUM | K170: =IFERROR(VLOOKUP(H170*1,'Merkleinc Datafeeds FY19Q2 wk12'!$A$1:$B$20000,2,1),"")
A171: 1702731589 | B171: AUTHORIZED RESELLER | D171: BECHTLE DIRECT B.V. | E171: TITANIUM | K171: =IFERROR(VLOOKUP(H171*1,'Merkleinc Datafeeds FY19Q2 wk12'!$A$1:$B$20000,2,1),"")
A172: 3126458981 | D172: BECHTLE DIRECT B.V. | E172: TITANIUM | K172: =IFERROR(VLOOKUP(H172*1,'Merkleinc Datafeeds FY19Q2 wk12'!$A$1:$B$20000,2,1),"")
A173: 1702759823 | B173: AUTHORIZED RESELLER | D173: BECHTLE DIRECT B.V. | E173: TITANIUM | K173: =IFERROR(VLOOKUP(H173*1,'Merkleinc Datafeeds FY19Q2 wk12'!$A$1:$B$20000,2,1),"")
A174: 1702759823 | B174: AUTHORIZED RESELLER | D174: BECHTLE DIRECT B.V. | E174: TITANIUM | K174: =IFERROR(VLOOKUP(H174*1,'Merkleinc Datafeeds FY19Q2 wk12'!$A$1:$B$20000,2,1),"")
A175: 1702759823 | B175: AUTHORIZED RESELLER | D175: 3WT RIJNSBURG B.V. | E175: AUTHORIZED RESELLER | K175: =IFERROR(VLOOKUP(H175*1,'Merkleinc Datafeeds FY19Q2 wk12'!$A$1:$B$20000,2,1),"")
...
